 Dungeon Crawl Stone Soup version 0.25.1-2-g60ff931df9 (webtiles) character file.

Game seed: 9168515056014822113

15873 Lavandula the Markscentaur (level 12, -1/103 HPs)
             Began as a Centaur Arcane Marksman on Oct 4, 2020.
             Was a Believer of Ashenzari.
             Killed by divine providence
             ... invoked by a meliai
              (14 damage)
             ... on level 12 of the Dungeon on Oct 5, 2020.
             The game lasted 00:39:53 (21393 turns).

Lavandula the Markscentaur (CeAM)                  Turns: 21393, Time: 00:39:53

Health: -1/103     AC: 12    Str: 14    XL:     12   Next: 5%
Magic:  17/17      EV: 10    Int: 12    God:    Ashenzari [**....]
Gold:   490        SH:  0    Dex: 21    Spells: 3/18 levels left

rFire    . . .     SeeInvis .   g - +4 dagger (venom)
rCold    . . .     Gourm    .   (no shield)
rNeg     + + .     Faith    .   H - +4 leather armour "Ycluon" {rN++ Int-3 Dex+4} (curse)
rPois    .         Spirit   .   e - +2 helmet
rElec    .         Reflect  .   (no cloak)
rCorr    .         Harm     .   (no gloves)
MR       .....                  (no barding)
Stlth    ..........             O - amulet of the acrobat
HPRegen  0.27/turn              K - +6 ring of dexterity
MPRegen  0.15/turn              c - ring of attention (curse)

@: stab, very quick
A: large, hooves 3, deformed body, speed 2, tough skin 3
a: Curse Item, Scrying, Renounce Religion


You were on level 12 of the Dungeon.
You worshipped Ashenzari.
Ashenzari was pleased with you.
You were not hungry.

You visited 1 branch of the dungeon, and saw 13 of its levels.

You collected 670 gold pieces.
You spent 180 gold pieces at shops.

Inventory:

Hand Weapons
 a - a +0 shortbow
 g - a +4 dagger of venom (weapon)
 x - a +2 spear of venom
Missiles
 G - 220 arrows
 I - a curare-tipped dart (quivered)
Armour
 d - the +8 orange crystal plate armour {Archmagi, Int+3 Clar}
   (You found it on level 6 of the Dungeon)

   It affects your intelligence (+3).
   It protects you against confusion.
 e - a +2 helmet (worn)
 H - the cursed +4 leather armour "Ycluon" (worn) {rN++ Int-3 Dex+4}
   (You found it on level 8 of the Dungeon)

   It affects your intelligence (-3).
   It affects your dexterity (+4).
   It greatly protects you from negative energy.
   It has a curse placed upon it.
Jewellery
 c - a cursed ring of attention (right hand)
 h - an uncursed ring of stealth
 k - a +6 ring of dexterity
 o - an uncursed ring of protection from cold
 K - a +6 ring of dexterity (left hand)
 O - an amulet of the acrobat (around neck)
 P - an uncursed ring of protection from magic
Wands
 J - a wand of flame (44)
Scrolls
 l - 2 scrolls of magic mapping
 m - 9 scrolls of remove curse
 p - 6 scrolls of teleportation
 s - a scroll of enchant weapon {unknown}
 t - 2 scrolls of blinking {unknown}
 v - a scroll of summoning {unknown}
 w - 2 scrolls of amnesia {unknown}
 y - 3 scrolls of fear
 A - a scroll of immolation
 B - 2 scrolls of silence {unknown}
 D - a scroll of fog
 L - a scroll of enchant armour
 Q - a scroll of vulnerability
Potions
 j - 2 potions of berserk rage {unknown}
 n - a potion of magic
 q - 2 potions of stabbing
 r - 2 potions of might
 u - a potion of cancellation
 z - 4 potions of flight
 C - a potion of brilliance
 E - a potion of mutation {unknown}
 F - a potion of lignification {unknown}
 M - a potion of resistance {unknown}
Comestibles
 f - 14 rations
 i - 6 chunks of flesh


   Skills:
 + Level 8.3 Fighting
 - Level 15.0 Bows
 - Level 7.5 Armour
 - Level 1.7 Dodging
 - Level 3.8 Spellcasting
 - Level 6.0 Hexes
 - Level 4.3 Summonings


You had 3 spell levels left.
You knew the following spells:

 Your Spells              Type           Power        Failure   Level  Hunger
a - Corona                Hex            ###....      2%          1    #......
b - Call Imp              Summ           ##......     7%          2    ##.....
c - Inner Flame           Hex/Fire       #.......     24%         3    ###....
d - Animate Skeleton      Necr           N/A          26%         1    #......
e - Portal Projectile     Hex/Tloc       #.....       24%         3    ###....
f - Cause Fear            Hex            ###.......   22%         4    #####..
g - Apportation           Tloc           #.....       26%         1    #......

Your spell library contained the following spells:

 Spells                   Type           Power        Failure   Level  Hunger
 Slow                     Hex            ###.....     3%          2    ##.....
 Summon Small Mammal      Summ           ##..         4%          1    #......
 Dazzling Flash           Conj/Hex       #.....       24%         3    ###....
 Magic Dart               Conj           #...         26%         1    #......
 Shock                    Conj/Air       #...         26%         1    #......
 Blink                    Tloc           N/A          38%         2    ##.....
 Searing Ray              Conj           #.....       38%         2    ##.....
 Swiftness                Chrm/Air       #.......     38%         2    ##.....
 Conjure Flame            Conj/Fire      #.......     63%         3    ###....
 Mephitic Cloud           Conj/Pois/Air  #.......     63%         3    ###....
 Static Discharge         Conj/Air       #.......     63%         3    ###....
 Fulminant Prism          Conj/Hex       #.........   61%         4    #####..
 Leda's Liquefaction      Hex/Erth       #.........   61%         4    #####..
 Airstrike                Air            #.........   95%         4    #####..
 Iskenderun's Mystic Bla  Conj/Tloc      #.......     95%         4    #####..
 Lightning Bolt           Conj/Air       #.........   100%        5    ######.


Dungeon Overview and Level Annotations

Branches:
Dungeon (13/15)            Temple (0/1) D:7            Lair (0/6) D:9
    Orc (0/2) D:10
 Vaults: D:13-14

Altars:
Ashenzari
Cheibriados
Dithmenos
Fedhas
Gozag
Kikubaaqudgha
Makhleb
Ru
Sif Muna
Xom
Yredelemnul
Zin

Shops:
D:9 }   D:11 *

Annotations:
D:4 2 transporters, kthxbai's ghost, amateur HOMo
D:8 kthxbai's ghost, novice HOMo


Innate Abilities, Weirdness & Mutations

You have hooves in place of feet.
Armour fits poorly on your strangely shaped body.
You cover ground very quickly.
You have extremely tough skin. (AC +3)


Message History

The meliai stings you but does no damage.
Okay, then.
Fire/throw which item? (* to show all) (? for menu, Esc to quit)
Okay, then.
Fire/throw which item? (* to show all) (? for menu, Esc to quit)
Throwing (i - inventory)
I - 2 curare-tipped darts (quivered)
Press: ? - help, Shift-Dir - straight line, f - meliai
Aim: a meliai, wielding a +0 war axe and wearing a +0 leather armour (heavily wounded, poisoned)
You throw a curare-tipped dart. The curare-tipped dart hits the meliai.
The meliai looks even sicker.
The meliai convulses.
The meliai seems to slow down.
The meliai is severely wounded.
The meliai barely misses you. The meliai stings you.
* * * LOW HITPOINT WARNING * * *
Unknown command.
It was a potion of stabbing.
You feel ready to backstab.
The meliai mumbles some strange prayers to its god against you.
Something smites you!
You die...

###########
..........########
######(..........#
#.########..# #.# #..# #.#
#..# ######.###### #..#
............###y.#
####.........##.@#
##..####..##..###########
#####..####..##..#.........#
.........................#.#
#####..###............##.#.#
#.......(....#....##.#.#
#.####.#####...........###
#.# #.# #.............# #.#
#.#####...........#.#


You could see a meliai (very poisoned, slow).

Vanquished Creatures
  A hydra (D:11)
  4 two-headed ogres
  An ugly thing (D:11)
  2 cyclopes
  An elephant (D:9)
  A centaur skeleton (D:12)
  2 trolls
  A hornet (D:11)
  A meliai (D:12)
  4 slime creatures (D:12)
  Prince Ribbit (D:8)
  2 hippogriffs
  A meliai zombie (D:11)
  6 yaks (D:9)
  A warg (D:9)
  An acid dragon (D:12)
  3 water moccasins
  4 black bears
  3 slaves
  4 ice beasts
  4 sky beasts
  2 phantoms
  5 orc warriors
  9 ogres
  11 centaurs
  5 crocodiles
  2 big kobolds (D:8)
  Blork the orc (D:4)
  7 bullfrogs
  A water moccasin zombie (D:6)
  3 scorpions
  3 wights (D:10)
  A howler monkey (D:10)
  8 crimson imps
  2 centaur zombies
  8 hounds
  9 orc priests
  2 bullfrog skeletons
  3 jellies
  Natasha (thrice) (D:3)
  4 iguanas
  15 orc wizards
  6 worker ants
  A hound zombie (D:9)
  3 hound skeletons
  A howler monkey zombie (D:11)
  A worker ant zombie (D:6)
  14 adders
  9 gnolls
  5 shadow imps
  2 adder skeletons
  2 worms
  2 dart slugs (D:3)
  3 leopard geckos
  52 orcs
  7 giant cockroaches
  10 goblins
  6 hobgoblins
  10 jackals
  6 quokkas
  4 bats
  5 frilled lizards
  5 kobolds
  A quokka skeleton (D:5)
  5 rats
312 creatures vanquished.

Vanquished Creatures (collateral kills)
  Pikel (D:6)
  A bullfrog skeleton (D:7)
  A jelly (D:7)
  An iguana (D:7)
4 creatures vanquished.

Vanquished Creatures (others)
  A slave (D:6)
1 creature vanquished.

Grand Total: 317 creatures vanquished

Notes
Turn   | Place    | Note
-------+----------+-------------------------------------------
     0 | D:1      | Lavandula the Centaur Arcane Marksman began the quest for
                  | the Orb.
     0 | D:1      | Reached XP level 1. HP: 16/16 MP: 2/2
    71 | D:1      | Reached skill level 3 in Bows
   164 | D:1      | Reached XP level 2. HP: 23/23 MP: 3/3
   286 | D:1      | Reached skill level 4 in Bows
   964 | D:2      | Reached XP level 3. HP: 15/28 MP: 4/4
  1365 | D:2      | Reached skill level 5 in Bows
  1648 | D:2      | Found a shimmering altar of Xom.
  1692 | D:2      | Learned a level 2 spell: Call Imp
  2370 | D:3      | Reached XP level 4. HP: 35/35 MP: 5/5
  2487 | D:3      | Noticed Natasha
  2660 | D:3      | Reached skill level 1 in Summonings
  2744 | D:3      | Killed Natasha
  2744 | D:3      | Reached XP level 5. HP: 40/40 MP: 6/6
  2768 | D:3      | Learned a level 3 spell: Inner Flame
  2959 | D:3      | Found a shattered altar of Ashenzari.
  2984 | D:3      | Found a faded altar of an unknown god.
  3005 | D:3      | Noticed Natasha
  3012 | D:3      | Killed Natasha
  3117 | D:3      | Noticed Natasha
  3125 | D:3      | Killed Natasha
  3597 | D:4      | Reached XP level 6. HP: 33/47 MP: 7/7
  4134 | D:4      | Found a transporter.
  4134 | D:4      | Noticed kthxbai's ghost (amateur HOMo)
  4495 | D:4      | Reached XP level 7. HP: 52/52 MP: 9/11
  4555 | D:4      | Found a transporter.
  4702 | D:4      | Found a snail-covered altar of Cheibriados.
  4809 | D:4      | Noticed Blork the orc
  4845 | D:4      | Killed Blork the orc
  5132 | D:4      | Found a burning altar of Makhleb.
  5153 | D:4      | Reached skill level 6 in Bows
  5192 | D:3      | Found a shimmering blue altar of Sif Muna.
  5200 | D:3      | Became a worshipper of Ashenzari the Shackled
  5213 | D:5      | Entered Level 5 of the Dungeon
  5294 | D:5      | Found an ancient bone altar of Kikubaaqudgha.
  5858 | D:5      | Reached skill level 7 in Bows
  6681 | D:6      | Reached skill level 8 in Bows
  6843 | D:6      | Reached XP level 8. HP: 59/59 MP: 13/13
  6963 | D:6      | Reached skill level 9 in Bows
  7058 | D:5      | Learned a level 1 spell: Animate Skeleton
  7309 | D:6      | Found a blossoming altar of Fedhas.
  7340 | D:6      | Reached skill level 10 in Bows
  7460 | D:6      | Noticed Pikel
  8218 | D:6      | Reached skill level 11 in Bows
  8314 | D:6      | Found a shadowy altar of Dithmenos.
  8605 | D:6      | Killed Pikel
  8605 | D:6      | Reached skill level 12 in Bows
  8605 | D:6      | Reached XP level 9. HP: 60/64 MP: 8/14
  8682 | D:6      | Found an opulent altar of Gozag.
  8802 | D:6      | Learned a level 1 spell: Apportation
  8812 | D:6      | Found the +8 orange crystal plate armour {Archmagi, Int+3
                  | Clar}
  9501 | D:6      | Found a basalt altar of Yredelemnul.
  9560 | D:7      | Reached skill level 13 in Bows
  9587 | D:7      | Found a staircase to the Ecumenical Temple.
 10015 | D:7      | Reached * piety under Ashenzari
 10088 | D:7      | Reached skill level 14 in Bows
 10886 | D:8      | Noticed Prince Ribbit
 10965 | D:8      | Killed Prince Ribbit
 10965 | D:8      | Reached skill level 15 in Bows
 11016 | D:8      | Noticed a two-headed ogre
 11087 | D:8      | Killed a two-headed ogre
 11087 | D:8      | Reached XP level 10. HP: 56/78 MP: 15/15
 11280 | D:8      | Got the uncursed leather armour "Ycluon" {rN++ Int-3 Dex+4}
 11291 | D:8      | Identified the +4 leather armour "Ycluon" {rN++ Int-3
                  | Dex+4} (You found it on level 8 of the Dungeon)
 11655 | D:8      | Found a runed translucent gate.
 11656 | D:8      | Found a runed translucent gate.
 11657 | D:8      | Found a runed translucent gate.
 11658 | D:8      | Noticed kthxbai's ghost (novice HOMo)
 11658 | D:8      | Identified the cursed +0 dagger "Kaonu" {venom, rElec rPois
                  | rF+++ MR-}
 11854 | D:8      | Found a sacrificial altar of Ru.
 12055 | D:8      | Reached skill level 5 in Fighting
 12546 | D:9      | Found Sowis's Gadget Emporium.
 12599 | D:9      | Found a glowing silver altar of Zin.
 12742 | D:9      | Found a staircase to the Lair.
 12742 | D:9      | Noticed an elephant
 12851 | D:9      | Killed an elephant
 13338 | D:9      | Reached skill level 5 in Hexes
 13891 | D:10     | Entered Level 10 of the Dungeon
 14244 | D:10     | Found a staircase to the Orcish Mines.
 14560 | D:10     | Reached skill level 1 in Armour
 14857 | D:10     | Reached XP level 11. HP: 80/92 MP: 16/16
 15826 | D:11     | Noticed a two-headed ogre
 15886 | D:11     | Reached ** piety under Ashenzari
 15979 | D:11     | Killed a two-headed ogre
 16093 | D:10     | Learned a level 3 spell: Portal Projectile
 16559 | D:11     | Noticed a two-headed ogre
 16606 | D:11     | Killed a two-headed ogre
 16936 | D:11     | Reached skill level 5 in Armour
 17218 | D:11     | Paralysed by a hornet for 1 turns
 17575 | D:11     | Found Faj Kene's General Store.
 17602 | D:11     | Bought a scroll of enchant armour for 75 gold pieces
 17602 | D:11     | Bought a scroll of vulnerability for 75 gold pieces
 17602 | D:11     | Bought a scroll of teleportation for 30 gold pieces
 17628 | D:11     | Noticed a green ugly thing
 17700 | D:11     | Killed a green ugly thing
 18201 | D:11     | Noticed a six-headed hydra
 18296 | D:11     | Killed a six-headed hydra
 19048 | D:12     | Learned a level 4 spell: Cause Fear
 19363 | D:12     | Noticed a two-headed ogre
 19414 | D:12     | Killed a two-headed ogre
 20421 | D:12     | Reached XP level 12. HP: 61/101 MP: 17/17
 21393 | D:12     | Killed from afar by a meliai

Illustrated notes

Levels and vault maps discovered:
D:1:      matt_arrival_grand_opening, layout_basic, minivault_25,
          minmay_distorted
D:2:      layout_basic, xom_teletrap_fun
D:3:      layout_basic, nicolae_overflow_hidden_temple,
          chequers_ecumenical_altar_island, uniq_natasha
D:4:      layout_basic, makhleb_grotto_becter, marbit_many_paths,
          gammafunk_ghost_mausoleum, moated_statue, uniq_blork_the_orc
D:5:      cheibrodos_quashed, layout_layer_cave, lemuel_crystal_altar,
          first_ration
D:6:      layout_gridville, kennysheep_mini_moat,
          nicolae_dithmenos_shadow_blocks, yredelemnul_altar_generic,
          basic_altar, minmay_starry_boxes, uniq_pikel
D:7:      layout_rooms, minmay_temple_entry_tees
D:8:      layout_basic, nicolae_ru_the_path_less_chosen,
          gammafunk_ghost_nasty_kobolds, uniq_prince_ribbit1
D:9:      layout_long_grid, overflow_temple_1_default, david_lair_generic,
          serial_shops, shop
D:10:     layout_basic, david_orc_3
D:11:     layout_layer_cave, serial_shops, shop
D:12:     layout_loops_ring
D:13:     layout_cave_pools, david_vaults_4, hangedman_stone_soup, uniq_azrael

Skill      XL: |  1  2  3  4  5  6  7  8  9 10 11 |
---------------+----------------------------------+-----
Bows           | 3 4 5 8 12 15 | 15.0
Summonings     | 2 3 4 |  4.3
Spellcasting   | 2 3 |  3.8
Fighting       | 4 7 8 |  8.3
Hexes          | 6 |  6.0
Armour         | 1 7 |  7.5
Dodging        | |  1.7

Action                   |  1- 3 |  4- 6 |  7- 9 | 10-12 || total
-------------------------+-------+-------+-------+-------++-------
Melee: Dagger            |    19 |    53 |    23 |     2 ||    97
       Kick              |     4 |    11 |    55 |     5 ||    75
       Spear             |       |       |   252 |     9 ||   261
 Fire: Shortbow          |   124 |   147 |   229 |   888 ||  1388
Throw: Throwing net      |       |     2 |     1 |       ||     3
       Dart              |       |       |       |     3 ||     3
 Cast: Call Imp          |       |       |    11 |     8 ||    19
       Inner Flame       |       |       |     4 |    24 ||    28
       Animate Skeleton  |       |       |       |     1 ||     1
Invok: Curse Item        |       |       |       |     1 ||     1
  Use: Scroll            |     3 |       |       |     9 ||    12
       Potion            |     1 |       |       |     4 ||     5
  Eat: Chunk             |     3 |     6 |    18 |    20 ||    47
       Ration            |       |       |       |     3 ||     3
Armor: Robe              |    18 |    23 |    51 |       ||    92
       Leather armour    |       |       |       |    72 ||    72
Dodge: Dodged            |    37 |    51 |   146 |    81 ||   315
